 Dungeon Crawl Stone Soup version 0.29-a0-1016-g236c7fd91e (webtiles) character file.

Game seed: 11830029613926198175

399 iguanaiguana the Cleaver (level 6, -2/51 HPs)
             Began as a Minotaur Fighter on Aug 10, 2022.
             Was an Initiate of Ru.
             Killed by divine providence
             ... invoked by an orc priest
              (13 damage)
             ... on level 4 of the Dungeon.
             The game lasted 00:05:06 (3395 turns).

iguanaiguana the Cleaver (Minotaur Fighter)         Turns: 3395, Time: 00:05:06

Health: -2/51      AC:  6    Str: 28    XL:     6   Next: 53%
Magic:  5/5        EV:  9    Int:  5    God:    Ru [......]
Gold:   132        SH:  4    Dex: 10    Spells: 5/5 levels left

rFire   . . .      SeeInvis .   v - +1 hand axe (venom)
rCold   . . .      Faith    .   c - +0 buckler
rNeg    . . .      Spirit   .   b - +0 scale mail
rPois   .          Reflect  .   (helmet restricted)
rElec   .          Harm     .   (no cloak)
rCorr   .          Rampage  .   (no gloves)
Will    .....                   (no boots)
Stlth   ..........              (no amulet)
HPRegen 0.17/turn               i - +6 ring of strength
MPRegen 0.09/turn               (no ring)

@: no status effects
A: horns 2, retaliatory headbutt
a: Renounce Religion


You were on level 4 of the Dungeon.
You worshipped Ru.
Ru was noncommittal.
You visited 2 branches of the dungeon, and saw 5 of its levels.

You collected 132 gold pieces.

Inventory:

Hand Weapons
 a - a +0 war axe
 v - a +1 hand axe of venom (weapon)
Missiles
 j - 2 throwing nets (quivered)
 y - 2 poisoned darts
Armour
 b - a +0 scale mail (worn)
 c - a +0 buckler (worn)
 k - a scarf of invisibility
 n - a +0 pair of boots
Jewellery
 i - a +6 ring of strength (left hand)
 m - a ring of wizardry
Scrolls
 e - 2 scrolls of immolation {unknown}
 f - 6 scrolls of teleportation {unknown}
 o - 5 scrolls of identify {unknown}
 q - a scroll of fear {unknown}
 r - a scroll of enchant weapon {unknown}
 s - a scroll of magic mapping {unknown}
 u - 2 scrolls of blinking {unknown}
 x - a scroll of amnesia {unknown}
 z - 2 scrolls of brand weapon {unknown}
 A - a scroll of poison {unknown}
 B - a scroll of acquirement {unknown}
 C - a scroll of enchant armour {unknown}
Potions
 d - a potion of might {@q3}
 g - 2 potions of berserk rage {unknown}
 h - a potion of haste {unknown}
 l - a potion of heal wounds {unknown}
 p - 4 potions of curing {unknown}
 t - a potion of resistance {unknown}
 w - a potion of flight {unknown}


   Skills:
 - Level 3.6 Fighting
 + Level 8.5 Axes
 - Level 3.6 Armour
 - Level 3.6 Shields


You had 5 spell levels left.
You didn't know any spells.
Your spell library was empty.

Dungeon Overview and Level Annotations

Branches:
Dungeon (4/15) Zot: 20610  Temple (1/1) D:4 Zot: 5949

Altars:
Ashenzari
Elyvilon
Fedhas
Hepliaklqana
Okawaru
Qazlal
Ru
Sif Muna
Uskayaw
Vehumet
Zin

Shops:
D:3 (


Innate Abilities, Weirdness & Mutations

You have a pair of horns on your head.
You reflexively headbutt those who attack you in melee.


Message History

Something tries to affect you, but you resist.
You aren't carrying any items that you can evoke.
You hear some strange, mumbled words.
You are confused.
You miss something. Something hits you.
* * * LOW HITPOINT WARNING * * *
The orc priest casts a cantrip, but nothing happens.
The orc priest begins to cast a cantrip, but forgets the words!
A magic dart appears from out of thin air!
The magic dart hits you.
* * * LOW HITPOINT WARNING * * *
You bump into the rock wall.
The orc priest looks satisfied for a moment.
You hear some strange, mumbled words.
Something tries to affect you, but you resist.
Something hits you.
* * * LOW HITPOINT WARNING * * *
You feel less confused. Something hits you.
* * * LOW HITPOINT WARNING * * *
An orc wizard appears from thin air!
Reactivating autopickup.
You hit the orc wizard but do no damage.
The orc wizard looks even sicker.
The orc wizard is almost dead.
You barely miss the orc. The orc hits you with a +0 dagger.
* * * LOW HITPOINT WARNING * * *
The orc attacks as you move away!
The orc wizard casts a spell.
The orc wizard flickers and vanishes!
Deactivating autopickup; reactivate with Ctrl-A.
The orc priest begins to cast a cantrip, but forgets the words!
You slash the orc!
You kill the orc!
You barely miss something.
Reactivating autopickup.
You feel a bit more experienced.
The orc priest calls down the wrath of Beogh upon you.
Beogh smites you!
You die...

# #.##.##+#......##.# #.#
###.##........##.##.# #.#
.##.##........##.##o####.#
.##.##........'.....o....#
..#.##........##o##.######
#.#.##........##.##.#
#)..##........##o##.#
##..##........##.##.#
#..##........##@##.#
#..##........##.##.#
###.##.#########.##.#
.............. ..##.#
####...#####<# ### .#
#...# .# ##..# g# #.># .#
#..#


You could see 2 orc priests.

Vanquished Creatures
  A necrophage (D:3)
  3 orc priests
  A hound (D:4)
  2 orc wizards
  4 adders
  4 gnolls (D:4)
  An ufetubus (D:3)
  3 worms
  A dart slug (D:1)
  8 orcs
  4 ball pythons
  7 bats
  6 endoplasms
  2 giant cockroaches
  5 goblins
  4 hobgoblins
  2 quokkas (D:4)
  3 frilled lizards
  7 kobolds
  10 rats
78 creatures vanquished.

Vanquished Creatures (others)
  3 plants (D:1)
3 creatures vanquished.

Grand Total: 81 creatures vanquished

Notes
Turn   | Place    | Note
-------+----------+-------------------------------------------
     0 | D:1      | iguanaiguana the Minotaur Fighter began the quest for the
                  | Orb.
     0 | D:1      | Reached XP level 1. HP: 19/19 MP: 0/0
   200 | D:1      | Reached skill level 3 in Axes
   207 | D:1      | Reached XP level 2. HP: 13/26 MP: 1/1
   535 | D:1      | Reached skill level 4 in Axes
  1037 | D:2      | Reached XP level 3. HP: 28/31 MP: 2/2
  1162 | D:2      | Reached skill level 5 in Axes
  1294 | D:2      | Found a blossoming altar of Fedhas.
  1645 | D:3      | Reached XP level 4. HP: 39/39 MP: 3/3
  1672 | D:3      | Noticed a necrophage
  1681 | D:3      | Killed a necrophage
  1682 | D:3      | Reached skill level 6 in Axes
  1682 | D:3      | Reached XP level 5. HP: 43/45 MP: 4/4
  1778 | D:3      | Found a blossoming altar of Fedhas.
  1839 | D:3      | Found a white marble altar of Elyvilon.
  1867 | D:3      | Identified the +6 dagger "Giantbane" {freeze, MP+9 Str+10
                  | Int-5}
  2012 | D:3      | Found a faded altar of an unknown god.
  2025 | D:3      | Reached skill level 7 in Axes
  2030 | D:3      | Found Vahofef's Antique Weapon Emporium.
  2557 | D:4      | Found a staircase to the Ecumenical Temple.
  2779 | Temple   | Entered the Ecumenical Temple
  2819 | Temple   | Became a worshipper of Ru the Awakened
  2836 | D:4      | Reached XP level 6. HP: 51/51 MP: 5/5
  3177 | D:4      | Reached skill level 8 in Axes
  3395 | D:4      | Killed from afar by an orc priest

Illustrated notes

Levels and vault maps discovered:
D:1:      sevenhm_arrival_forest_fort_small_5, layout_basic,
          hangedman_feature_mirror, chequers_big_river
D:2:      layout_basic, basic_altar
D:3:      layout_basic, marbit_many_paths, fedhas_altar_1,
          dreamdust_ecumenical_altar_angels_and_demons, serial_shops,
          shop_fountains, hangedman_decor_growths
D:4:      layout_basic, temple_statues
Temple:   hellmonk_temple_rainy

Skill      XL: |  1  2  3  4  5  6 |
---------------+-------------------+-----
Axes           | 3 4 5 6 7 8 |  8.5
Fighting       | |  3.6
Armour         | |  3.6
Shields        | |  3.6

Action                   |  1- 3 |  4- 6 || total
-------------------------+-------+-------++-------
Melee: War axe           |    85 |     5 ||    90
       Headbutt          |    12 |    15 ||    27
       Hand axe          |       |    76 ||    76
Armor: Scale mail        |    39 |    24 ||    63
Dodge: Dodged            |    45 |    36 ||    81
Block: Buckler           |    24 |    16 ||    40

Table legend: (Time is in decaauts)
 A = Elapsed time spent in this place.
 B = Non-inter-level travel time spent in this place.
 C = Inter-level travel time spent in this place.
 D = Time resting spent in this place.
 E = Time spent auto-exploring this place.
 F = Levels seen in this place.
 G = Mean time per level.
                   A        B        C        D        E       F      G
               +--------+--------+--------+--------+--------+-----+--------+
         Total |   3439 |   3338 |    101 |     78 |   2711 |   5 |  687.8 |
       Dungeon |   3389 |   3301 |     88 |     78 |   2679 |   4 |  847.2 |
        Temple |     50 |     37 |     13 |      0 |     32 |   1 |   50.0 |
               +--------+--------+--------+--------+--------+-----+--------+

Top non-repeatable levels by time:
     D:1: 1065 daAuts
     D:3: 1006 daAuts
     D:4: 771 daAuts
     D:2: 546 daAuts
  Temple: 50 daAuts
